 Dungeon Crawl Stone Soup version 0.20.0 (webtiles) character file.

372 SpeedrunTech the Chopper (level 6, -7/57 HPs)
             Began as a Minotaur Berserker on June 11, 2017.
             Was a Believer of Trog.
             Mangled by Eustachio
             ... wielding a +3 falchion of electrocution
              (17 damage)
             ... on level 5 of the Dungeon.
             The game lasted 00:01:24 (2228 turns).

SpeedrunTech the Chopper (Minotaur Berserker)       Turns: 2228, Time: 00:01:24

Health: -7/57      AC: 11    Str: 23      XL:     6   Next: 43%
Magic:  5/5        EV:  7    Int:  7      God:    Trog [**....]
Gold:   105        SH:  0    Dex:  9 (10) Spells: 5/5 levels left

rFire    . . .     SeeInvis .   a - +0 hand axe
rCold    . . .     Gourm    .   (no shield)
rNeg     . . .     Faith    .   i - +0 plate armour
rPois    .         Spirit   .   (helmet restricted)
rElec    .         Reflect  .   (no cloak)
rCorr    .         Harm     .   (no gloves)
MR       ++...                  (no boots)
Stlth    ..........             (no amulet)
Regen    1.2/turn               g - +3 ring of intelligence
MPRegen  0.1/turn               (no ring)

@: berserk cooldown, regenerating, hasted and slowed
A: retaliatory headbutt, horns 2
a: Berserk, Trog's Hand, Burn Spellbooks, Renounce Religion


You were on level 5 of the Dungeon.
You worshipped Trog.
Trog was pleased with you.
You were near starving.

You visited 1 branch of the dungeon, and saw 5 of its levels.

You collected 105 gold pieces.

Inventory:

Hand Weapons
 a - a +0 hand axe (weapon)
Armour
 i - a +0 plate armour (worn)
Jewellery
 g - a +3 ring of intelligence (left hand)
Comestibles
 c - 2 bread rations
 f - 2 royal jellies
 h - a meat ration


   Skills:
 + Level 5.9 Fighting
 * Level 7.3 Axes
 - Level 2.4 Armour
 - Level 2.1 Dodging


You had 5 spell levels left.
You didn't know any spells.

Dungeon Overview and Level Annotations

Branches:
Dungeon (5/15)
 Temple: D:4-7

Altars:

Annotations:
D:5 Eustachio


Innate Abilities, Weirdness & Mutations

You reflexively headbutt those who attack you in melee.
You have a pair of horns on your head.


Message History

The ufetubus hits you.
* * * LOW HITPOINT WARNING * * *
Eustachio hits you but does no damage.
Unknown command.
Unknown command.
Unknown command.
Unknown command.
You hit Eustachio.
Eustachio is heavily wounded.
You hit the quasit. You slash the ufetubus!
You kill the ufetubus!
You miss the quasit.
The quasit bites you but does no damage.
The quasit claws you but does no damage.
The quasit barely misses you.
The quasit bites you but does no damage.
The quasit claws you but does no damage. x2
The bat hits you but does no damage. Eustachio hits you but does no damage.
You are electrocuted!
You die...

.. .## ..# ##%##
##...## .# ####
#..r..# ........
#..@5b# ..#...#
#.#.r5@.#
..#...#####.##.b.##
#........##.##.###
#...........##.#
......... ..##!#
......# #.##.#
#.....# #.##.#
#..##.# #....#
#.....# #.####


You could see Eustachio, 2 quasits, a river rat, a quokka and 2 bats.

Vanquished Creatures
  An ogre (D:5)
  A howler monkey (D:4)
  3 hounds (D:4)
  A centaur skeleton (D:4)
  2 orc wizards (D:5)
  4 adders
  2 oozes (D:2)
  2 worms (D:2)
  A dart slug (D:2)
  3 orcs (D:5)
  4 bats
  2 giant cockroaches
  2 goblins (D:2)
  7 jackals
  2 frilled lizards (D:2)
  A rat (D:3)
38 creatures vanquished.

Notes
Turn   | Place    | Note
-------+----------+-------------------------------------------
     0 | D:1      | SpeedrunTech the Minotaur Berserker began the quest for the Orb.
     0 | D:1      | Reached XP level 1. HP: 19/19 MP: 0/0
   152 | D:2      | Reached skill level 4 in Axes
   242 | D:2      | Reached XP level 2. HP: 19/27 MP: 1/1
   431 | D:2      | HP: 2/27 [jackal (3)]
   495 | D:2      | Reached XP level 3. HP: 12/33 MP: 2/2
  1197 | D:2      | Reached skill level 5 in Axes
  1383 | D:3      | Reached XP level 4. HP: 40/41 MP: 3/3
  1436 | D:4      | Reached ** piety under Trog
  1436 | D:4      | Reached skill level 5 in Fighting
  1448 | D:4      | Reached skill level 6 in Axes
  1448 | D:4      | Reached XP level 5. HP: 39/48 MP: 4/4
  1600 | D:5      | Entered Level 5 of the Dungeon
  1617 | D:5      | Reached skill level 7 in Axes
  1617 | D:5      | Reached XP level 6. HP: 50/57 MP: 5/5
  2207 | D:5      | Noticed Eustachio
  2228 | D:5      | Mangled by Eustachio

Skill      XL: |  1  2  3  4  5 |
---------------+----------------+-----
Axes           | 4 5 6 7 |  7.3
Fighting       | 4 5 |  5.9
Armour         | |  2.4
Dodging        | |  2.1

Action                   |  1- 3 |  4- 6 || total
-------------------------+-------+-------++-------
Melee: Hand axe          |    54 |    59 ||   113
       Headbutt          |     8 |    15 ||    23
Invok: Berserk           |     3 |     2 ||     5
       Burn Spellbooks   |     1 |       ||     1
       Trog's Hand       |       |     1 ||     1
  Use: Scroll            |       |     2 ||     2
       Potion            |       |     1 ||     1
  Eat: Chunk             |     4 |     3 ||     7
Armor: Animal skin       |    11 |       ||    11
       Plate armour      |       |    92 ||    92
Dodge: Dodged            |    27 |    35 ||    62
